Map: Hecate LE

Players

SubN

  • Race: Zerg Zerg
  • League: Diamond
  • Spawn Location: 7:00

Moat - Winner!

  • Race: Terran Terran
  • Spawn Location: 1:00

VOD

Have the link to the VOD?

Description

Time

  • Played on: Jan. 20, 2024, 3:28 p.m.
  • Length: 4:14
Show
View Real Time Build Order
Export as new Build Order

SubN Zerg 

Build Orders: Pool First 

Get SALT Encoding   

  12  0:00  Drone  
  13  0:12  Overlord  
  13  0:16  Drone  
  14  0:30  Drone x2  
  16  0:37  Drone  
  17  0:45  Extractor  
  17  0:46  Spawning Pool  
  17  0:49  Drone  
  16  1:30  Drone x3  
  19  1:34  Hatchery  
  19  1:38  Queen  
  20  1:43  Zergling x2  
  21  1:49  Metabolic Boost  
  21  1:56  Overlord  
  21  2:03  Zergling x2  
  22  2:21  Drone  
  23  2:24  Drone  
  24  2:45  Drone  
  24  2:46  Hatchery  
  24  2:54  Queen  
  24  2:58  Drone x4  
  30  2:59  Drone  
  31  3:08  Lair  
  31  3:15  Drone x2  
  31  3:18  Zergling x2  
  34  3:28  Overlord  
  34  3:39  Drone x2  
  34  3:41  Overlord x2  
  36  3:42  Overlord  
  36  3:46  Drone  
  37  3:50  Extractor  
  37  3:55  Drone x2  
  38  3:57  Drone  
  39  4:04  Baneling Nest  
  39  4:09  Extractor  
  41  4:12  Extractor  
Show
View Real Time Build Order
Export as new Build Order

Moat Terran - Winner!

Build Orders: Gas First Reaper Expand 

Get SALT Encoding   

  12  0:01  SCV  
  13  0:13  SCV  
  14  0:17  Supply Depot  
  14  0:25  SCV  
  14  0:28  Refinery  
  15  0:39  SCV  
  16  0:47  Barracks  
  16  0:51  SCV  
  17  1:11  SCV  
  18  1:23  SCV  
  19  1:34  Reaper  
  19  1:38  Command Center  
  20  1:47  Supply Depot  
  20  1:55  SCV  
  21  2:01  Factory  
  21  2:07  Marine  
  21  2:23  Orbital Command  
  21  2:25  Barracks Reactor  
  21  2:32  Refinery  
  21  2:49  SCV  
  21  2:50  Orbital Command  
  22  3:12  Hellion x2  
  25  3:13  Barracks Tech Lab  
  25  3:15  Starport  
  25  3:18  SCV  
  26  3:25  Orbital Command  
  26  3:26  Barracks  
  26  3:33  Hellion  
  26  3:34  Hellion  
  30  3:40  Marine  
  31  3:47  SCV  
  36  4:06  Bunker  
Tags
 
Add a new tag
Caveats
  • Supply blocks, unpowered buildings, or Contaminate may cause inaccurate times.
  • Supply counts are checked every 10 seconds.